 Dungeon Crawl Stone Soup version 0.20.0-15-g7f486f2 (webtiles) character file.

362 Naow the Chopper (level 6, -5/75 HPs)
             Began as a Demonspawn Berserker on June 10, 2017.
             Was a Priest of Trog.
             Slain by an ogre
             ... wielding a +0 giant spiked club
              (18 damage)
             ... while paralysed by Grinder
             ... on level 5 of the Dungeon.
             The game lasted 00:04:51 (5279 turns).

Naow the Chopper (Demonspawn Berserker)             Turns: 5279, Time: 00:04:51

Health: -5/75      AC: 12    Str: 24    XL:     6   Next: 39%
Magic:  0/6        EV:  2    Int:  8    God:    Trog [***...]
Gold:   150        SH:  0    Dex: 13    Spells: 5/5 levels left

rFire    . . .     SeeInvis .   a - +0 hand axe
rCold    . . .     Gourm    .   (no shield)
rNeg     . . .     Faith    +   u - +0 plate armour
rPois    .         Spirit   +   (no helmet)
rElec    .         Reflect  .   (no cloak)
rCorr    .         Harm     .   (no gloves)
MR       .....                  (no boots)
Stlth    ..........             k - amulet of faith
Regen    0.3/turn               (no ring)
MPRegen  0.2/turn               (no ring)

@: paralysed, berserking (expiring), starving
A: talons 1, molten scales 1, powered by death 1, magic shield, magic
regeneration
a: Berserk, Trog's Hand, Burn Spellbooks, Renounce Religion


You were on level 5 of the Dungeon.
You worshipped Trog.
Trog was most pleased with you.
You were starving.

You visited 1 branch of the dungeon, and saw 5 of its levels.

You collected 150 gold pieces.

Inventory:

Hand Weapons
 a - a +0 hand axe (weapon)
Armour
 b - a +0 animal skin
 u - a +0 plate armour (worn)
Jewellery
 k - an amulet of faith (around neck)
 w - an uncursed amulet of guardian spirit {unknown}
 C - an uncursed ring of stealth {unknown}
 D - an uncursed amulet of the gourmand {unknown}
Scrolls
 d - 3 scrolls of teleportation {unknown}
 e - 3 scrolls of enchant armour {unknown}
 f - 3 scrolls of remove curse {unknown}
 g - 2 scrolls of amnesia {unknown}
 h - 6 scrolls of identify {unknown}
 m - 2 scrolls of immolation {unknown}
 s - 5 scrolls of magic mapping {unknown}
 y - a scroll of recharging {unknown}
Potions
 i - 2 potions of haste {unknown}
 j - a potion of lignification {unknown}
 l - a potion of flight {unknown}
 n - a potion of might {unknown}
 o - a potion of cancellation {unknown}
 p - a potion of invisibility {unknown}
 q - 3 potions of agility {unknown}
 r - a potion of curing {unknown}
 t - 2 potions of heal wounds {unknown}
 v - a potion of degeneration {unknown}
Books
 B - a book of Misfortune

   Spells                             Type                      Level
   a - Confusing Touch                Hexes                        1
   b - Confuse                        Hexes                        3
   c - Gell's Gravitas                Translocation                3
   d - Petrify                        Transmutation/Earth          4
   e - Metabolic Englaciation         Hexes/Ice                    5
   f - Yara's Violent Unravelling     Hexes/Transmutation          5
   Trog disapproves of the use of such an item.
 E - a book of Minor Magic

   Spells                             Type                      Level
   a - Magic Dart                     Conjuration                  1
   b - Blink                          Translocation                2
   c - Call Imp                       Summoning                    2
   d - Slow                           Hexes                        2
   e - Conjure Flame                  Conjuration/Fire             3
   f - Mephitic Cloud                 Conjuration/Poison/Air       3
   Trog disapproves of the use of such an item.
Comestibles
 c - 3 bread rations
 x - a meat ration
 z - a royal jelly
 A - 2 fruits


   Skills:
 + Level 4.9 Fighting
 * Level 5.5 Axes
 - Level 1.7 Armour
 - Level 1.7 Dodging


You had 5 spell levels left.
You didn't know any spells.

Dungeon Overview and Level Annotations

Branches:
Dungeon (5/15)
 Temple: D:4-7

Altars:
Ashenzari
Cheibriados
Sif Muna
Trog

Annotations:
D:5 Grinder


Innate Abilities, Weirdness & Mutations

You have sharp toenails.
You are partially covered in molten scales. (AC +2)
You regenerate a little health from kills.
When hurt, damage is shared between your health and your magic reserves.
You regenerate magic rapidly.


Message History

Grinder blinks!
There are monsters nearby!
You hit the ogre. Your kick misses the ogre.
The ogre is moderately wounded.
The ogre hits you with a giant spiked club!
A red film seems to cover your vision as you go berserk!
You feel yourself moving faster!
You feel mighty!
You are starving!
Grinder gestures at you.
You suddenly lose the ability to move!
The ogre hits you with a giant spiked club! x2
Grinder gestures at you.
You shrug off the repeated paralysis!
The ogre hits you with a giant spiked club!
* * * LOW HITPOINT WARNING * * *
The ogre hits you with a giant spiked club.
* * * LOW HITPOINT WARNING * * *
Grinder blinks!
The ogre hits you with a giant spiked club!!
You die...

......... #.#
###.......
######## #.#
#..###.#.#......#
#.# #.####.####.#
#.#.........#
#....#.######
#.######.#
#......#'###
#..O@...#
#.......#
#....ยง..#
#.........
#........5..
#...........
#...........
#...(.......


You could see Grinder and an ogre.

Vanquished Creatures
  A phantom (D:4)
  An orc wizard (D:3)
  2 iguanas (D:4)
  2 worker ants (D:4)
  Robin (D:3)
  5 adders
  An adder skeleton (D:4)
  A worm (D:2)
  2 dart slugs (D:2)
  A leopard gecko (D:1)
  4 giant cockroaches
  14 goblins
  9 hobgoblins
  6 jackals
  2 quokkas
  7 bats
  4 frilled lizards
  12 kobolds
  2 quokka skeletons (D:4)
  12 rats
89 creatures vanquished.

Notes
Turn   | Place    | Note
-------+----------+-------------------------------------------
     0 | D:1      | Naow the Demonspawn Berserker began the quest for the Orb.
     0 | D:1      | Reached XP level 1. HP: 18/18 MP: 1/1
   618 | D:1      | Gained mutation: When hurt, damage is shared between your health and your magic reserves. [demonic ancestry]
   618 | D:1      | Reached XP level 2. HP: 22/24 MP: 2/2
   695 | D:1      | Reached skill level 3 in Axes
  1279 | D:2      | Gained mutation: You have sharp toenails. [demonic ancestry]
  1279 | D:2      | Reached XP level 3. HP: 25/30 MP: 1/3
  1706 | D:2      | Reached ** piety under Trog
  2046 | D:2      | Gained mutation: You regenerate a little health from kills. [demonic ancestry]
  2046 | D:2      | Reached XP level 4. HP: 26/37 MP: 2/4
  2536 | D:3      | Found a snail-covered altar of Cheibriados.
  2625 | D:3      | Found a deep blue altar of Sif Muna.
  2643 | D:3      | Reached skill level 4 in Axes
  2949 | D:3      | Noticed Robin
  2959 | D:3      | Killed Robin
  2959 | D:3      | Gained mutation: You regenerate magic rapidly. [demonic ancestry]
  2959 | D:3      | Reached XP level 5. HP: 28/43 MP: 3/5
  3133 | D:3      | Reached *** piety under Trog
  3510 | D:3      | Found a bloodstained altar of Trog.
  3662 | D:4      | Found a shattered altar of Ashenzari.
  4053 | D:4      | Noticed a phantom
  4110 | D:4      | Killed a phantom
  4110 | D:4      | Reached skill level 5 in Axes
  4110 | D:4      | Gained mutation: You are partially covered in molten scales. (AC +2) [demonic ancestry]
  4110 | D:4      | Reached XP level 6. HP: 36/50 MP: 4/6
  5176 | D:5      | Entered Level 5 of the Dungeon
  5267 | D:5      | Noticed Grinder
  5273 | D:5      | Paralysed by Grinder for 7 turns
  5279 | D:5      | Slain by an ogre

Skill      XL: |  1  2  3  4  5 |
---------------+----------------+-----
Axes           | 3 4 5 |  5.5
Fighting       | 4 |  4.9
Armour         | |  1.7
Dodging        | |  1.7

Action                   |  1- 3 |  4- 6 || total
-------------------------+-------+-------++-------
Melee: Hand axe          |   118 |   205 ||   323
       Kick              |     8 |    54 ||    62
Invok: Berserk           |     1 |     4 ||     5
 Stab: Sleeping          |     2 |       ||     2
  Eat: Chunk             |     5 |    11 ||    16
       Fruit             |       |     1 ||     1
Armor: Animal skin       |    25 |    12 ||    37
       Plate armour      |       |   100 ||   100
Dodge: Dodged            |    77 |    68 ||   145
